[Event "Early-Titled-Tuesday-Blitz-October-10-2023"]
[Site "Chess.com"]
[Date "2023.10.10"]
[Round "11"]
[White "MdChess1734"]
[Black "FoxOnTheRun97"]
[Result "1-0"]
[WhiteElo "2413"]
[BlackElo "2524"]
[TimeControl "180+1"]
[EndTime "10:06:05 PDT"]
[Termination "MdChess1734 won by checkmate"]

1. e4 c6 2. d4 d5 3. Nc3 dxe4 4. Nxe4 Nf6 5. Nxf6+ exf6 6. c3 Bd6 7. Bd3 O-O 8. Qc2 Re8+ 9. Ne2 h5 10. O-O Qc7 11. h3 Nd7 12. Be3 Nf8 13. c4 c5 14. d5 Bd7 15.
Rfe1 Re7 16. Nc3 Rae8 17. Ne4 Bh2+ 18. Kh1 b6 19. g3 Bxg3 20. fxg3 Rxe4 21. Bxe4 Qxg3 22.
Qg2 Qh4 23. Bf2 Qf4 24. Bg3 Qh6 25. Bf3 Rd8 26. Rad1 Ng6 27. h4 f5 28. Qd2 f4 29. Bf2 f6 30. Rg1 Ne5 31. Qe2 Bg4 32. Bxg4 hxg4 33. Rxg4 f3 34. Qe4 Nxg4 35. Qxg4 Qh7 36.
Qxf3 Qc2 37. b3 Qxa2 38. Rg1 Qc2 39. Qxf6 Qe4+ 40. Kh2 Rd7 41. Qe6+ Qxe6 42. dxe6 Rd2 43. Rg2 Kf8 44. Bg3 Rd3 45. Re2 Ke8 46. e7 Rxb3 47.
Bf4 Rf3 48. Bg5 Rd3 49. Rf2 Re3 50. Rf8+ Kd7 51. Rd8+ Kc7 52. e8=Q Rxe8 53. Rxe8 a6 54. Re7+ Kc6 55. Rxg7 b5 56. cxb5+ axb5 57. h5 b4 58. h6 b3 59. Bf6 c4 60. h7 b2 61. Bxb2 Kd5 62.
h8=Q Ke4 63. Qe8+ Kd3 64. Rd7+ Kc2 65. Qe2+ Kb3 66. Rb7+ Ka2 67. Qxc4+ Kb1 68. Bd4# 1-0

[Event "Early-Titled-Tuesday-Blitz-October-10-2023"]
[Site "Chess.com"]
[Date "2023.10.10"]
[Round "11"]
[White "KatakuriDono"]
[Black "Ural_bogatyr"]
[Result "1-0"]
[WhiteElo "2364"]
[BlackElo "2517"]
[TimeControl "180+1"]
[EndTime "10:06:07 PDT"]
[Termination "KatakuriDono won on time"]

1. d4 Nf6 2. c4 e6 3. Nf3 d5 4.
g3 dxc4 5. Bg2 Nbd7 6. O-O c6 7. Qc2 b5 8. a4 Bb7 9. Nc3 a6 10. Rd1 Be7 11. Ne5 Qb6 12. a5 Qc7 13. Bf4 Bd6 14.
Ne4 Nxe4 15. Qxe4 Nxe5 16. dxe5 Bc5 17. Rd2 O-O 18. Rad1 Rfd8 19. Bg5 Be7 20. Bxe7 Qxe7 21. Qc2 Qc7 22. f4 Qxa5 23. Rd6 Rxd6 24. exd6 Rd8 25.
e4 c5 26. e5 Bxg2 27. Qxg2 Qb6 28. Qe4 h6 29. h4 a5 30. Kh2 a4 31. f5 exf5 32.
Qxf5 b4 33. Rf1 Qb7 34. e6 fxe6 35. Qxe6+ Kh8 36. Rf7 Qc6 37. Qe7 Rg8 38. d7 Qd5 39. Rf8 Qd2+ 40. Kh3 Qxd7+ 41. Qxd7 Rxf8 42. Qd6 Rc8 43.
Qa6 Rb8 44. Qxc4 a3 45. bxa3 b3 46. Qf4 Ra8 47. Qe4 Rxa3 48. Qb7 c4 49. Qc8+ Kh7 50.
Qxc4 b2 51. Qe4+ Kh8 52. Qe8+ Kh7 53. Qe4+ Kh8 54. h5 Rb3 55. Qe8+ Kh7 56. Qe4+ Kh8 57. Qe8+ Kh7 58. Qg6+ Kh8 59. Qb1 Rb8 60. Kg2 Rb5 61. g4 Kg8 62. Kf2 Kf7 63. Ke2 Kf6 64. Kd2 Kg5 65.
Kc3 Kh4 66. Qh1+ Kg3 67. Qg1+ Kh4 68. Qf2+ 1-0

[Event "Early-Titled-Tuesday-Blitz-October-10-2023"]
[Site "Chess.com"]
[Date "2023.10.10"]
[Round "11"]
[White "GalaxyRoman"]
[Black "NovozhilovSemen"]
[Result "1-0"]
[WhiteElo "2797"]
[BlackElo "2623"]
[TimeControl "180+1"]
[EndTime "10:06:10 PDT"]
[Termination "GalaxyRoman won by resignation"]

1. e4 c5 2. Nc3 Nc6 3. f4 g6 4. Nf3 Bg7 5. Bb5 Nd4 6. O-O a6 7. Bd3 e6 8. e5 Nxf3+ 9. Qxf3 d5 10. exd6 Qxd6 11. Ne4 Qc7 12. c3 Rb8 13. a4 Nf6 14. b3 O-O 15. Ba3 Nxe4 16. Bxe4 Rd8 17. Qf2 b6 18. a5 bxa5 19. Bxc5 Rxb3 20. Rfb1 a4 21. Bb6 Rxb6 22. Qxb6 Qxb6+ 23. Rxb6 Bd7 24. Rxa6 Bf8 25. Bc6 Bxc6 26. Rxc6 a3 27. d4 Rb8 28.
c4 Rb2 29. c5 a2 30. Rb6 Rd2 31. Ra6 Rxd4 32. c6 Bc5 33. Kh1 Bd6 34. R6xa2 Rc4 35. Ra6 Bxf4 36. g3 Bc7 37. Rd1 h5 38. Rd7 Be5 39. Kg2 h4 40. gxh4 Kg7 41. Raa7 g5 42. Rxf7+ Kg6 43. hxg5 Kxg5 44. c7 Kg4 45. h3+ Kh4 46.
Rh7+ Kg5 47. Kf3 Kf5 48. Rd7 Rc3+ 49. Ke2 Kf6 50. h4 Rc4 51. h5 Kg5 52. Rh7 Rc2+ 53. Kd3 Rc3+ 54. Kd2 Rc6 55. Rb7 Rc5 56. Kd3 Bd6 57. Kd4 Rc1 58. Ke4 Bh2 59. h6 Kg6 60.
Rg7+ Kxh6 61. Rh7+ Kg6 62. Rxh2 Kf6 63. Rf2+ Kg6 64.
Rd2 Kf6 65. Rd8 Re1+ 66. Kf3 Ke7 67. c8=Q+ 1-0

[Event "Early-Titled-Tuesday-Blitz-October-10-2023"]
[Site "Chess.com"]
[Date "2023.10.10"]
[Round "11"]
[White "ural58"]
[Black "mapleaff"]
[Result "1/2-1/2"]
[WhiteElo "2492"]
[BlackElo "2383"]
[TimeControl "180+1"]
[EndTime "10:06:12 PDT"]
[Termination "Game drawn - insufficient material"]

1. e4 c5 2. b3 Nc6 3. Bb2 Nf6 4. e5 Nd5 5. Nf3 e6 6. g3 Be7 7. c4 Nc7 8. Bg2 O-O 9. d4 cxd4 10.
Nxd4 Bb4+ 11. Bc3 d5 12. exd6 Qxd6 13. Nxc6 bxc6 14. Qxd6 Bxd6 15. Bxc6 Rb8 16. O-O Bc5 17.
Rd1 Rb6 18. Bg2 Rb8 19. Be5 Bb6 20. c5 Ba5 21. Nc3 Bb7 22. Bxb7 Rxb7 23. Ne4 Nd5 24. Bd6 Rc8 25. Rac1 f5 26. Ng5 Nc3 27. Nxe6 Nxd1 28. Rxd1 h6 29. Nd4 Bb4 30. Rc1 Rd7 31. Nxf5 Kf7 32.
Rc4 a5 33. h4 g6 34. Nxh6+ Ke6 35. Ng4 Kd5 36. Ne3+ Kc6 37. Kg2 Re8 38. g4 Rh7 39. Kg3 Be1 40. Rf4 Rxe3+ 41. Kg2 Re2 42. Rf6 Rxf2+ 43.
Rxf2 Bxf2 44. Kxf2 Rxh4 45. Kf3 Rh1 46. Kf4 Ra1 47. Kg5 Rxa2 48. Kxg6 Rb2 49. g5 Rxb3 50.
Kf5 Rf3+ 51. Ke4 Rf1 52. g6 Rg1 53. Kf5 a4 54. Kf6 a3 55. Be5 Kxc5 56. g7 Kd5 57.
Bc3 Kc4 58. Be5 Kd5 59. Bc3 Rg4 60. Kf7 Rf4+ 61. Bf6 Rg4 62. g8=Q Rxg8 63. Kxg8 a2 64. Ba1 Kc4 65. Kf7 Kd3 66. Ke6 Kc2 67. Be5 Kb1 68.
Bd4 a1=Q 69. Bxa1 1/2-1/2

[Event "Early-Titled-Tuesday-Blitz-October-10-2023"]
[Site "Chess.com"]
[Date "2023.10.10"]
[Round "11"]
[White "HajiyevKanan"]
[Black "ChainedDowntohell"]
[Result "0-1"]
[WhiteElo "2566"]
[BlackElo "2453"]
[TimeControl "180+1"]
[EndTime "10:06:13 PDT"]
[Termination "ChainedDowntohell won by resignation"]

1. d4 Nf6 2. Nf3 e6 3. c4 b6 4. a3 Bb7 5. Nc3 d5 6. cxd5 Nxd5 7. Bd2 Be7 8. Qc2 O-O 9. e3 Nd7 10. Bd3 h6 11. O-O c5 12. Rac1 Nxc3 13. Bxc3 Rc8 14. Qe2 Qc7 15. Rfd1 Qb8 16. Bb1 Rfd8 17. Qc2 Nf6 18. dxc5 Be4 19. Qe2 Bxb1 20. Rxb1 Rxc5 21. Rxd8+ Qxd8 22. Rd1 Rd5 23. Rd4 Rxd4 24. Bxd4 Ne4 25. Ne5 Qd5 26. Qc4 Qxc4 27. Nxc4 f6 28. f3 Nc5 29.
Bxc5 Bxc5 30. Kf2 b5 31. Nd2 Kf7 32. Ke2 Ke7 33. Kd3 Kd7 34. Ne4 Be7 35. h3 Kc6 36. g4 a5 37. Kd4 f5 38. gxf5 exf5 39. Ng3 Bf6+ 40. Kd3 Bxb2 41. Nxf5 h5 42. Nd4+ Kb6 43.
Nc2 Kc5 44. f4 Bc1 45. f5 b4 46. axb4+ axb4 47. Nd4 Kd5 48. Nf3 b3 49. e4+ Kc5 50. Kc3 b2 51. Kc2 Kd6 52. e5+ Kd5 53. e6 Kd6 54. Nd4 Ke7 55. Nc6+ Kf6 56. Ne5 Bg5 57. Nf7 Bh4 58. Nh8 Kxf5 59. Ng6 Kxg6 60. Kxb2 Be7 61. Kc3 Kf6 62. Kd3 Kxe6 63. Ke4 g6 64. Kf3 Kf7 65. Kg3 Kg7 66. Kf4 Kh6 67. Ke4 Kg7 68. Kf4 Kf7 69.
Ke4 Bf6 70. Kf4 Bg7 71. Ke4 Kf6 72. Kf4 Bh6+ 73. Ke4 Kg5 74. Kf3 Kh4 75. Kg2 Bf4 76. Kf3 Be5 77. Kg2 Bd6 78. Kh1 Kxh3 79. Kg1 g5 80.
Kh1 g4 81. Kg1 g3 0-1

[Event "Early-Titled-Tuesday-Blitz-October-10-2023"]
[Site "Chess.com"]
[Date "2023.10.10"]
[Round "11"]
[White "Amirreza_p"]
[Black "alexrustemov"]
[Result "1-0"]
[WhiteElo "2636"]
[BlackElo "2850"]
[TimeControl "180+1"]
[EndTime "10:06:21 PDT"]
[Termination "Amirreza_p won on time"]

1. c4 c5 2. Nc3 g6 3. g3 Bg7 4. Bg2 Nc6 5. Nf3 b6 6. O-O Bb7 7. e3 Bxc3 8. bxc3 d6 9. d3 Qc7 10. e4 h6 11. Be3 Nf6 12. h3 Nd7 13. Qd2 g5 14. Ne1 Rg8 15. Kh1 Na5 16. f4 gxf4 17. gxf4 f5 18. exf5 O-O-O 19. Kh2 Rdf8 20. Bxb7+ Qxb7 21. Nf3 Rxf5 22. Qe2 Nf6 23. Rg1 Re8 24. Rg7 Qd7 25.
Rag1 Rh5 26. R1g3 Qf5 27. Bd2 Kd8 28. Ng1 Nc6 29. Qg2 Kd7 30. Ne2 Rh4 31. Rf3 Nh5 32. Rg4 Qf6 33. Be1 Rxg4 34. Qxg4+ Qe6 35. Re3 Qxg4 36. hxg4 Nf6 37. Kh3 Rg8 38. Rg3 e5 39.
Bd2 e4 40. g5 hxg5 41. fxg5 Nh5 42. Re3 exd3 43. Rxd3 Ne5 44. Rd5 Nxc4 45. Bc1 Ke6 46. Rd1 Ne5 47. Kh4 Rh8 48. Re1 Kf5 49. Rf1+ Ke4 50.
Ng3+ Nxg3+ 51. Kxg3 Kd3 52. Rf6 d5 53. Bf4 Nc4 54. g6 Rg8 55. Bh6 Nd6 56. Rxd6 Kxc3 57. g7 d4 58. Rf6 d3 59. Rf8 Rxg7+ 60. Bxg7+ Kc2 61. Bh6 c4 62. Rf2+ Kb1 63. Rf1+ Kc2 64.
Rc1+ Kb2 65. Rxc4 Kxa2 66. Rd4 b5 67. Rxd3 a5 68. Bf8 b4 69. Kf2 b3 70. Ke2 b2 71.
Ra3+ Kb1 72. Bg7 Kc2 73. Bxb2 1-0

[Event "Early-Titled-Tuesday-Blitz-October-10-2023"]
[Site "Chess.com"]
[Date "2023.10.10"]
[Round "11"]
[White "TatjanaVasilevich"]
[Black "Rsnr"]
[Result "0-1"]
[WhiteElo "2642"]
[BlackElo "2873"]
[TimeControl "180+1"]
[EndTime "10:06:22 PDT"]
[Termination "Rsnr won by checkmate"]

1. Nf3 d5 2. b3 c6 3. Bb2 Bf5 4.
g3 e6 5. Bg2 h6 6. O-O Nf6 7. d4 Be7 8. c4 O-O 9. Nc3 a5 10. Ne5 Nbd7 11. f4 Bh7 12. h3 Ne8 13.
e3 f6 14. Nxd7 Qxd7 15. c5 e5 16. Na4 Qd8 17. dxe5 fxe5 18. Bxe5 Nf6 19. Qd4 Rf7 20. a3 Nd7 21. b4 Nxe5 22. fxe5 Rxf1+ 23. Bxf1 axb4 24. axb4 Qf8 25. Be2 Qf5 26. Bg4 Qc2 27. Nb6 Rxa1+ 28. Qxa1 Be4 29. Qf1 Bg5 30. Qe2 Bxe3+ 31. Kh2 Qc1 32.
Qd1 Qb2+ 33. Qe2 Qd4 34. h4 Qd2 35. Qxd2 Bxd2 36. Bc8 Bxb4 37. Bxb7 Bxc5 38. Nd7 Be7 39. Bxc6 Kf7 40. Nb6 Ke6 41. Nd7 g6 42. Kg1 Bd8 43. Kf2 Bc7 44. Nf8+ Kf7 45. Nd7 Ke7 46. Ke3 Bf5 47.
Nc5 Bxe5 48. Kf3 Kd6 49. Nd3 Bxd3 50. Be8 Be4+ 51. Kg4 Ke6 52. Ba4 h5+ 53. Kg5 d4 54. Bb3+ Kd6 55. g4 hxg4 56. Kxg4 d3 57. h5 gxh5+ 58.
Kxh5 Kc5 59. Kg4 Kd4 60. Kg5 Ke3 61. Bd1 d2 62. Kh4 Bf3 63. Bc2 Kd4 64. Kg5 Ke3 65. Kf5 Bc3 66. Ke6 Kd4 67. Kd6 Be4 68. Bb3 Ke3 69. Kc5 Bd4+ 70. Kc4 Bg6 71. Bd1 Bf7+ 72.
Kb4 Kd3 73. Ka3 Bc5+ 74. Kb2 Bd4+ 75. Kb1 Kc3 76. Ka1 Bb3 77. Bc2 Kxc2# 0-1

[Event "Early-Titled-Tuesday-Blitz-October-10-2023"]
[Site "Chess.com"]
[Date "2023.10.10"]
[Round "11"]
[White "NicolaiMaxime"]
[Black "ploxoi"]
[Result "1/2-1/2"]
[WhiteElo "2581"]
[BlackElo "2457"]
[TimeControl "180+1"]
[EndTime "10:06:22 PDT"]
[Termination "Game drawn by repetition"]

1. e4 c5 2. b3 e6 3. Bb2 Nc6 4. Bb5 Nf6 5. Bxc6 bxc6 6. e5 Nd5 7. c4 Nc7 8. Nf3 Be7 9. O-O O-O 10. Nc3 f6 11.
Ne4 fxe5 12. Nxe5 Qe8 13. Qg4 g6 14. Nf3 d5 15. Neg5 h5 16. Qg3 Qd8 17. Be5 Ne8 18. d4 Bf6 19. dxc5 Bxe5 20. Nxe5 Qf6 21. Nxc6 dxc4 22. bxc4 Bb7 23. Ne5 Rd8 24. c6 Bc8 25. Rae1 Nd6 26. Nd7 Bxd7 27. Qxd6 Bc8 28. Qg3 Rd4 29. h4 Rxc4 30. Ne4 Qg7 31. c7 Rxc7 32. Rc1 Rxc1 33. Rxc1 Bb7 34. Rc7 Qa1+ 35. Kh2 Bxe4 36. Rxa7 Qf6 37. f3 Bb1 38. a4 Qf4 39. a5 Bd3 40. Rd7 Bb5 41. Rb7 Bc4 42. Rc7 Bd5 43.
a6 Qxg3+ 44. Kxg3 Ra8 45. a7 Kf8 46. Kf4 Ke8 47. Kg5 Kd8 48. Rh7 Kc8 49. Rg7 Bb7 50. Rg8+ Kd7 51. Rxa8 Bxa8 52. Kxg6 Ke7 53. Kxh5 Kf6 54.
Kh6 Bb7 55. h5 Ba8 56. Kh7 e5 57. h6 Kf7 58. Kh8 Kf8 59. h7 Kf7 60. g4 Bxf3 61.
g5 Be4 62. g6+ Kxg6 63. Kg8 Bd5+ 64. Kh8 e4 65. a8=Q Bxa8 66. Kg8 Bd5+ 67. Kh8 Bc6 68.
Kg8 Bd5+ 69. Kh8 Bb7 70. Kg8 Bd5+ 1/2-1/2

[Event "Early-Titled-Tuesday-Blitz-October-10-2023"]
[Site "Chess.com"]
[Date "2023.10.10"]
[Round "11"]
[White "JesseFebruary"]
[Black "Ishowmoves57"]
[Result "1-0"]
[WhiteElo "2076"]
[BlackElo "2158"]
[TimeControl "180+1"]
[EndTime "10:06:24 PDT"]
[Termination "JesseFebruary won on time"]

1. e4 c5 2. Nf3 Nc6 3. d4 cxd4 4. Nxd4 e5 5. Nb3 Nf6 6. Nc3 Bb4 7. Bd3 O-O 8. O-O Bxc3 9. bxc3 d5 10. exd5 Nxd5 11. c4 Ndb4 12. a3 Nxd3 13. cxd3 Bf5 14. Nc5 Qd4 15. Be3 Qc3 16. Nxb7 Bxd3 17. Rc1 Qb2 18.
Qxd3 Qxb7 19. Rb1 Qc7 20. Qe4 Rad8 21. Rfd1 f5 22. Qh4 f4 23. Bc5 Rxd1+ 24. Rxd1 Rd8 25. Rxd8+ Nxd8 26. h3 Ne6 27. Bb4 a5 28. Bc3 Qxc4 29.
Bxe5 Qc1+ 30. Kh2 Qc4 31. Qe7 h6 32. a4 Qd5 33. Bb2 Qf5 34. Qd7 Qg6 35. g3 fxg3+ 36. fxg3 Qc2+ 37. Kg1 Qxb2 38. Qxe6+ Kh7 39. Qe4+ Kh8 40.
Qa8+ Kh7 41. Qxa5 Qc1+ 42. Kg2 Qc2+ 43. Kf3 Qd3+ 44. Kf2 Qc2+ 45. Ke3 Qb3+ 46. Kf4 Qc4+ 47. Kf3 Qd3+ 48. Kg2 Qe2+ 49. Kh1 Qf1+ 50. Kh2 Qf2+ 51.
Kh1 Qxg3 52. Qf5+ Kg8 53. a5 Qe1+ 54. Kg2 Qd2+ 55. Kg3 h5 56. Qe6+ Kh7 57. a6 Qg5+ 58. Kf3 h4 59. Qe4+ Kh6 60. Qc6+ Kh7 61. Qc2+ Kg8 62.
Qb3+ Kh7 63. Qd3+ Kg8 64. Qc4+ Kh7 65. Qe4+ Kg8 66. a7 Qg3+ 67. Ke2 Qh2+ 68. Kd3 Qd6+ 69.
Qd4 Qa3+ 70. Ke4 Qe7+ 71. Kd3 Qa3+ 72. Kc4 Qa4+ 73. Kd5 Qd7+ 74. Ke5 Qe7+ 75. Kf4 1-0

[Event "Early-Titled-Tuesday-Blitz-October-10-2023"]
[Site "Chess.com"]
[Date "2023.10.10"]
[Round "11"]
[White "Jospem"]
[Black "dropstoneDP"]
[Result "1-0"]
[WhiteElo "3108"]
[BlackElo "3075"]
[TimeControl "180+1"]
[EndTime "10:06:26 PDT"]
[Termination "Jospem won on time"]

1. e4 e5 2. Nf3 Nf6 3. Nc3 Nc6 4. Bb5 Nd4 5. O-O c6 6. Ba4 b5 7. Bb3 Nxf3+ 8. Qxf3 d6 9. d3 a5 10. a4 b4 11. Ne2 g6 12. h3 Bg7 13. d4 O-O 14.
dxe5 dxe5 15. Bg5 Qe7 16. Rad1 h6 17. Be3 Ba6 18. Rfe1 Rad8 19. Bb6 Rxd1 20. Rxd1 c5 21. Qe3 Rc8 22. Bxa5 c4 23. Ba2 Bf8 24. c3 Qb7 25. Bb1 Bc5 26. Qf3 Kg7 27. cxb4 Bxb4 28.
Bxb4 Qxb4 29. Qc3 Qxa4 30. Rd6 Qb5 31. Kh2 Bb7 32. Ng3 Qc5 33. Rd2 Bc6 34. f3 Rb8 35. Ne2 Qb4 36. Qc1 Nh5 37. g3 Nf6 38. Nc3 Qb6 39. Kg2 Rd8 40. Rf2 Rd4 41. h4 Qd8 42.
Qe3 Qe7 43. Bc2 Qd6 44. Re2 Nd7 45. f4 Nc5 46. Qf3 Nd3 47. f5 Qf6 48. b3 gxf5 49.
bxc4 fxe4 50. Qe3 Nc5 51. Rf2 Qe6 52. Kh2 f5 53. Ne2 Rxc4 54. Bb1 Rb4 55. Bc2 Nd3 56. Qa7+ Rb7 57. Qe3 Rf7 58. Bxd3 exd3 59. Qxd3 Qf6 60.
Qe3 f4 61. Qc3 fxg3+ 62. Qxg3+ Qg6 63. Qxe5+ Kg8 64. Nf4 Qg4 65. h5 Qh4+ 66. Kg1 Rg7+ 67. Kf1 Qh1+ 68. Ke2 Qh4 69. Qe6+ Kh8 70. Qxc6 Qg4+ 71.
Qf3 Re7+ 72. Kf1 Qf5 73. Ng6+ Kg8 74. Nxe7+ 1-0

[Event "Early-Titled-Tuesday-Blitz-October-10-2023"]
[Site "Chess.com"]
[Date "2023.10.10"]
[Round "11"]
[White "mishanick"]
[Black "Alexander_Donchenko"]
[Result "1-0"]
[WhiteElo "3086"]
[BlackElo "2861"]
[TimeControl "180+1"]
[EndTime "10:06:32 PDT"]
[Termination "mishanick won by resignation"]

1. d4 Nf6 2. c4 c6 3. Nc3 d5 4.
Nf3 dxc4 5. a4 e6 6. e3 c5 7. Bxc4 cxd4 8. exd4 Nc6 9. O-O Be7 10. Bf4 O-O 11. Re1 Bd7 12. d5 exd5 13. Nxd5 Nxd5 14.
Bxd5 Be6 15. Bxe6 fxe6 16. Bg3 Bf6 17. Qb3 Qd5 18. Qxb7 Nd4 19. Qxd5 exd5 20. Nxd4 Bxd4 21. Rad1 Bxb2 22. Rxd5 Rad8 23. Red1 Rxd5 24. Rxd5 Rc8 25. Kf1 Rc4 26. Rd8+ Kf7 27. Rd7+ Kg6 28. Rxa7 Rc1+ 29.
Ke2 Rc2+ 30. Kd3 Rc3+ 31. Kd2 Ra3 32. Kc2 Bd4 33. Rd7 Bf6 34. Ra7 Bd4 35. Ra6+ Kf5 36. f3 Ra2+ 37. Kd3 Bf6 38. a5 Rxg2 39. Rc6 Ra2 40. a6 Ra3+ 41. Kc4 Rc3+ 42. Kb5 Rb3+ 43. Ka4 Rb1 44. Bf2 Rb2 45. Bc5 Ra2+ 46. Kb3 Ra5 47. Bb4 Ra1 48. Rc5+ Ke6 49. Ra5 Rb1+ 50. Kc4 Rc1+ 51.
Kb5 Bd4 52. Ra2 Kf5 53. Rd2 Be3 54. Rd7 Kg6 55. Rd5 Rb1 56. Kc4 Ra1 57. Kb5 Rb1 58. Rd3 Bg1 59. h3 Kh5 60. Rd7 Kh6 61. a7 Bxa7 62. Rxa7 Rh1 63. Bf8 Rg1 64. Rf7 Rg3 65. Kc4 Kh5 66. Kd4 g5 67. Ke4 Kg6 68. Rg7+ Kf6 69.
Rxh7 Rg1 70. Bc5 Re1+ 71. Be3 Kg6 72. Ra7 Rh1 73. Ra5 Rg1 74. Rxg5+ Rxg5 75. Bxg5 Kxg5 76. Ke5 Kh4 77. f4 1-0

[Event "Early-Titled-Tuesday-Blitz-October-10-2023"]
[Site "Chess.com"]
[Date "2023.10.10"]
[Round "11"]
[White "jcibarra"]
[Black "GaiozNigalidze"]
[Result "0-1"]
[WhiteElo "2905"]
[BlackElo "2743"]
[TimeControl "180+1"]
[EndTime "10:06:36 PDT"]
[Termination "GaiozNigalidze won on time"]

1. e4 c5 2. Nf3 Nc6 3. Nc3 Nf6 4. d4 cxd4 5. Nxd4 e5 6. Ndb5 d6 7. Bg5 a6 8. Na3 b5 9. Bxf6 gxf6 10. Nd5 f5 11. g3 fxe4 12. Bg2 Bg7 13. Bxe4 Be6 14.
Qh5 Rc8 15. Rd1 Ne7 16. Nxe7 Qxe7 17. O-O b4 18. Nb1 Rc5 19. c3 a5 20. a3 b3 21.
Nd2 d5 22. Bf5 Bxf5 23. Qxf5 O-O 24. c4 dxc4 25. Ne4 Rc6 26. Rd5 a4 27. Rfd1 c3 28.
Nxc3 e4 29. Nxa4 e3 30. fxe3 Qxe3+ 31. Qf2 Qe4 32. Nc5 Qc4 33. Nd7 Re8 34. R5d2 h5 35.
Kg2 h4 36. Qf3 hxg3 37. hxg3 Qe6 38. a4 Rc2 39. a5 Qxd7 40. Qf2 Rxd2 41. Rxd2 Qc6+ 42. Qf3 Qb5 43. Rf2 Rf8 44. Qf5 Qc6+ 45.
Kh3 Qh1+ 46. Kg4 Qd1+ 47. Rf3 Qc1 48. a6 Qxb2 49. a7 Qd4+ 50. Kh3 Qxa7 51. Qb5 Qe7 52. Rxb3 Qe6+ 53. Kg2 Qe4+ 54. Kh3 Qg6 55. Rf3 Qh7+ 56. Kg2 Qg6 57. Qd5 Re8 58. Rf2 Qe6 59. Qh5 Qe4+ 60.
Kh2 Qg6 61. Qf3 Qh7+ 62. Kg1 Qg6 63. Kh2 Qh6+ 64. Kg1 Qe6 65. Kh2 Qd7 66. Qf4 Rf8 67. Qf3 Qe6 68. Re2 Qh6+ 69. Kg1 Rd8 70. Rf2 Bd4 71. Qxf7+ Kh8 72. Kg2 Bxf2 73. Qe7 Rf8 74. Qe5+ Kg8 75. Qd5+ Kh8 76. Qe5+ Kh7 77. Qe4+ Qg6 78.
Qe7+ Rf7 79. Qh4+ Kg8 80. Kh1 Bc5 81. Qd8+ Kg7 82. Qh4 Qh6 0-1

[Event "Early-Titled-Tuesday-Blitz-October-10-2023"]
[Site "Chess.com"]
[Date "2023.10.10"]
[Round "11"]
[White "DeArron_Fox"]
[Black "Alina_Gumerovna"]
[Result "1/2-1/2"]
[WhiteElo "2500"]
[BlackElo "2140"]
[TimeControl "180+1"]
[EndTime "10:06:53 PDT"]
[Termination "Game drawn - insufficient material"]

1. d4 d5 2. c4 e6 3. Nc3 Nf6 4. Nf3 Be7 5. Bf4 O-O 6. e3 c6 7.
c5 Nbd7 8. h3 Re8 9. Bd3 Nf8 10.
O-O Ng6 11. Bh2 Nd7 12. b4 Bf6 13. e4 dxe4 14. Nxe4 Be7 15. Nd6 Bxd6 16. Bxd6 Nf6 17. Ne5 Nd5 18. a3 a5 19. Qd2 Bd7 20. f4 b6 21. bxa5 bxc5 22. dxc5 Nf8 23. Nxd7 Nxd7 24. f5 exf5 25. Bxf5 g6 26. Bxd7 Qxd7 27. Rfe1 Rxe1+ 28. Rxe1 Qd8 29. Re5 Qxa5 30. Re8+ Kg7 31. Qd4+ f6 32. Rxa8 Qxa8 33. Qb2 Qa6 34. Kh2 h5 35. Qb8 Qxa3 36. Qb7+ Kh6 37. Qxc6 Qd3 38. Bf8+ Kg5 39. Qd6 Qf5 40.
c6 Qe4 41. Qg3+ Kf5 42. c7 Nxc7 43. Qxc7 h4 44. Qd7+ Qe6 45. Qxe6+ Kxe6 46. Kg1 g5 47.
Kf2 f5 48. Kf3 Kf7 49. Bd6 Kg6 50. Be7 Kh5 51. Bd8 g4+ 52. hxg4+ fxg4+ 53. Kf2 h3 54. g3 Kg6 55. Kg1 Kf5 56. Bc7 Ke4 57. Bf4 Kf3 58.
Kh2 Kf2 59. Be5 Kf1 60. Bd4 Ke2 61. Kg1 Kf3 62. Be5 Ke4 63. Bc7 Kf3 64. Kh1 Ke2 65. Kh2 Ke1 66. Kg1 Ke2 67. Bb6 Kf3 68. Kh2 Ke4 69. Bc5 Kd5 70. Ba7 Ke4 71. Kg1 Kf3 72. Bb8 Ke2 73. Bc7 Ke1 74. Bb6 Ke2 75. Ba5 Kf3 76.
Be1 Ke2 77. Bb4 Kf3 78. Kh2 Ke4 79. Bd6 Kf3 80. Kg1 Ke2 81. Bc7 Kd3 82. Kh1 Ke4 83.
Bb6 Kf5 84. Bg1 Ke4 85. Bh2 Kf3 86. Kg1 Ke2 87. Kh1 Kf2 88. Bg1+ Kxg3 89. Bh2+ Kf3 90. Bd6 Kf2 91. Bh2 Kf3 92. Bd6 g3 93. Bxg3 Kxg3 94. Kg1 Kh4 95. Kh1 Kg4 96. Kh2 Kh4 97. Kh1 Kg3 98.
Kg1 h2+ 99. Kh1 Kf2 100. Kxh2 1/2-1/2

[Event "Early-Titled-Tuesday-Blitz-October-10-2023"]
[Site "Chess.com"]
[Date "2023.10.10"]
[Round "11"]
[White "Actuary44"]
[Black "wannabe2700"]
[Result "1-0"]
[WhiteElo "2538"]
[BlackElo "2641"]
[TimeControl "180+1"]
[EndTime "10:07:48 PDT"]
[Termination "Actuary44 won by checkmate"]

1. e4 Nf6 2. Nc3 Nxe4 3. Nxe4 d5 4. Ng3 e5 5. d4 e4 6. f3 f5 7. fxe4 dxe4 8. Bc4 Bd6 9. N1e2 Rf8 10. Bf4 Bxf4 11.
Nxf4 Qd6 12. O-O Nc6 13. Qh5+ g6 14. Qxh7 Qxd4+ 15. Kh1 Qxc4 16. Nxg6 Rg8 17. Nh5 Qf7 18. Nf6+ Qxf6 19. Qxg8+ Kd7 20. Rad1+ Nd4 21. c3 c5 22.
cxd4 cxd4 23. Qd5+ Ke8 24. Qe5+ Kf7 25. Qxf6+ Kxf6 26. Nf4 Ke5 27. g4 b6 28. Ng6+ Kf6 29.
gxf5 Ba6 30. Rf4 d3 31. Kg1 e3 32. Rd4 e2 33. Re1 Kxf5 34. Nh4+ Ke6 35. Kf2 Rf8+ 36. Ke3 Rf1 37. Kd2 Rf2 38. h3 Rf7 39. Ng2 Ke5 40. Ra4 Bb5 41. Rb4 Bc6 42. Ne3 Be4 43. Ng4+ Kd5 44.
h4 Rf4 45. Ne3+ Ke5 46. h5 Rh4 47. h6 Rh3 48. Ng4+ Kf5 49. h7 a5 50. Ne3+ Kf4 51.
Nd5+ Ke5 52. Rxe4+ Kxe4 53. Nc3+ Kd4 54. Nb5+ Kc5 55. Nc7 Rxh7 56. Ne6+ Kd5 57. Nf4+ Ke4 58. Nxd3 Kd4 59. Rxe2 Rh6 60. Nc1 Rc6 61. Nb3+ Kd5 62. Re3 a4 63. Rd3+ Ke4 64. Re3+ Kd5 65. Rd3+ Ke5 66. Nd4 Rh6 67. Nf3+ Ke4 68. Re3+ Kd5 69. Ne1 Rh2+ 70. Re2 Rh1 71. Nd3 Ra1 72. Kc2 Kd4 73.
a3 Rh1 74. Rd2 Rh8 75. Nb4+ Kc4 76. Rd6 Rh2+ 77. Kb1 Kb3 78. Rd3+ Kc4 79. Rc3+ Kb5 80. Nd3 Rh1+ 81. Ka2 Rh2 82. Ne5 Rh1 83. Nc6 Rh4 84. Na7+ Ka6 85. Nc8 Rh6 86. Ne7 Kb5 87. Nd5 Ka6 88. Rc4 Kb5 89. Rb4+ Kc5 90. Nc3 Rh8 91. Nxa4+ Kc6 92. Nxb6 Kc5 93. Na4+ Kc6 94. Nc3 Kc5 95. Kb3 Kc6 96. a4 Kc5 97. a5 Ra8 98. Rb5+ Kc6 99. Kb4 Kc7 100. Rb6 Rh8 101. Nb5+ Kd7 102. Na3 Rh5 103. Nc4 Rh4 104. a6 Rh1 105. Kb5 Ra1 106. Na5 Rb1 107. b4 Rh1 108. a7 Rh5+ 109. Ka6 Rh8 110. Rb8 Rh6+ 111. Kb5 Rh5+ 112. Ka4 Rh1 113. a8=Q Ra1+ 114. Kb5 Rd1 115. Qc6+ Ke7 116. Re8+ Kf7 117. Qe6+ Kg7 118. Rg8+ Kh7 119. Qg6# 1-0